AoeStats
← RAGEgh

Nomad

507562563Analyzed
2v2 RM · 14d ago on Sep 18, 2026· 77m 52s· 4 players
Game mode
Random Map
Map size
176×176
Population
200
Speed
Normal
Resources
Standard
Victory
Conquest
Starting age
Dark Age
Ending age
Imperial Age
RankedLock teamsTeams togetherTeam positionsShared explorationLock speedFull tech treeHidden civsTurbo modeCheats
Victory
Defeat
🇵🇪 Persians · Peru
481
+13
🇫🇷 Chinese · France
454
+15
🇸🇪 Franks · Sweden
423
-14
🇸🇪 Huns · Sweden
423
-14
RAGEgh
3:46 Loom
17:00 Feudal Age
18:15 Double-Bit Axe
28:26 Castle Age
28:37 Wheelbarrow
30:58 Bow Saw
40:27 Gold Mining
40:28 Stone Mining
48:06 Imperial Age
53:34 Heavy Rocket Cart
56:08 Gold Shaft Mining
63:16 Two-Man Saw
61:45 Elite Chu Ko Nu
62:47 Pikeman
63:31 Squires
63:16 Arson
63:15 Elite Fire Lancer
64:53 Hand Cart
65:59 Fletching
66:20 Forging
66:11 Scale Mail Armor
66:12 Padded Archer Armor
77:44 Great Wall
xd
8:57 Loom
22:33 Feudal Age
22:57 Double-Bit Axe
23:53 Wheelbarrow
29:39 Castle Age
28:31 Forging
31:54 Iron Casting
31:27 Scale Barding Armor
34:28 Chain Barding Armor
40:26 Ballistics
40:02 Murder Holes
48:47 Imperial Age
49:31 Conscription
50:05 Hand Cart
49:50 Gold Mining
49:51 Stone Mining
50:13 Caravan
50:46 Bow Saw
53:18 Chemistry
56:21 Blast Furnace
55:57 Plate Barding Armor
55:58 Town Watch
56:46 Horse Collar
57:16 Town Patrol
58:23 Gold Shaft Mining
58:24 Stone Shaft Mining
58:41 Elite War Elephant
62:45 Masonry
63:47 Two-Man Saw
62:52 Heavy Plow
64:40 Crop Rotation
Stoffelevererar
4:19 Loom
19:29 Feudal Age
22:48 Double-Bit Axe
24:36 Horse Collar
24:55 Fishing Lines
26:44 Town Watch
27:09 Stone Mining
27:10 Gold Mining
31:38 Castle Age
31:15 Scale Barding Armor
31:21 Forging
33:54 Gold Shaft Mining
33:34 Bow Saw
33:49 Heavy Plow
36:09 Husbandry
36:34 Chain Barding Armor
36:50 Iron Casting
37:15 Wheelbarrow
37:47 Masonry
37:59 Bloodlines
44:01 Murder Holes
47:55 Ballistics
47:55 Hand Cart
54:59 Imperial Age
56:15 Conscription
55:40 Cavalier
62:22 Plate Barding Armor
62:48 Blast Furnace
63:33 Town Patrol
66:00 Gillnets
67:17 Atheism
68:46 Chemistry
73:49 Paladin
75:51 Fervor
76:04 Sanctity
76:38 Illumination
lyckeB
5:23 Loom
15:03 Feudal Age
16:22 Wheelbarrow
21:14 Double-Bit Axe
21:27 Gold Mining
21:27 Stone Mining
22:29 Scale Mail Armor
26:50 Castle Age
27:16 Forging
31:10 #83
30:34 Pikeman
31:15 Squires
32:22 Bow Saw
34:30 Caravan
35:37 Gold Shaft Mining
37:51 Elite Skirmisher
40:18 Hand Cart
40:57 Padded Archer Armor
41:33 Iron Casting
40:48 Fletching
44:14 Imperial Age
42:38 Arson
54:10 Siege Engineers
54:26 Halberdier
57:03 Chemistry
56:04 Elite Throwing Axeman
57:08 Conscription
69:34 Chain Mail Armor
70:19 Blast Furnace
Connection lost

Rejoining the realm…

Still unreachable

The connection could not be restored.

Session expired

The server has moved on; the page needs a fresh start.